 Dungeon Crawl Stone Soup version 0.17-b1-25-g6d8775f (webtiles) character file.

18206 youngkai the Severer (level 12, 87/113 HPs)
             Began as a Minotaur Berserker on Nov 5, 2015.
             Was a High Priest of Trog.
             Quit the game on level 4 of the Lair of Beasts.
             The game lasted 00:47:15 (10803 turns).

youngkai the Severer (Minotaur Berserker)          Turns: 10803, Time: 00:47:15

Health: 87/113     AC: 19    Str: 25    XL:     12   Next: 25%
Magic:  11/11      EV:  8    Int:  5    God:    Trog [*****.]
Gold:   891        SH:  0    Dex: 11    Spells: 0 memorised, 11 levels left

rFire  . . .     SeeInvis .     J - +1 war axe (drain)
rCold  + . .     Clarity  .     l - +0 plate armour
rNeg   . . .     SustAt   .     (no shield)
rPois  +         Gourm    .     K - +0 hat {MR+}
rElec  .         Spirit   .     Q - +0 cloak
rCorr  .         Warding  .     y - +1 pair of gloves {archery}
rMut   .         Stasis   .     (no boots)
MR     +....                    (no amulet)
Stlth  ..........               F - ring of poison resistance
                                a - ring of protection from cold

@: exhausted, slowed, very slow, somewhat resistant to hostile enchantments,
extremely unstealthy
A: retaliatory headbutt, horns 2
a: Berserk, Trog's Hand, Brothers in Arms, Burn Spellbooks, Renounce Religion


You were on level 4 of the Lair of Beasts.
You worshipped Trog.
Trog was extremely pleased with you.
You were hungry.

You visited 2 branches of the dungeon, and saw 14 of its levels.
You also visited: Labyrinth and Ossuary.

You collected 891 gold pieces.

Inventory:

Hand Weapons
 J - a +1 war axe of draining (weapon)
Armour
 l - a +0 plate armour (worn)
 y - a +1 pair of gloves of archery (worn)
 K - a +0 hat of magic resistance (worn)
 Q - a +0 cloak (worn)
Rods
 T - a -1 rod of shadows (12/12)
   (You found it in a labyrinth)
Jewellery
 a - a ring of protection from cold (left hand)
 s - an uncursed ring of sustain attributes
 F - a ring of poison resistance (right hand)
 L - an uncursed ring of protection from magic
 W - a +6 ring of intelligence {unknown}
 X - the ring "Lopnotz" {*Confuse rPois MR+ Int+7 Dex+3, unknown}
   (You found it in a labyrinth)

   [ring of dexterity]

   It affects your intelligence (+7).
   It affects your dexterity (+3).
   It protects you from poison.
   It affects your resistance to hostile enchantments.
   It may confuse you when you take damage.
Wands
 u - a wand of random effects (25)
 z - a wand of slowing (26)
 B - a wand of lightning (10)
 D - a wand of teleportation (3)
 H - a wand of teleportation (4)
 I - a wand of lightning (9)
 S - a wand of hasting (3)
 Y - a wand of fireball (4)
Scrolls
 f - 4 scrolls of identify
 j - a scroll of fear
 m - 3 scrolls of blinking
 q - 7 scrolls of teleportation
 r - 4 scrolls of enchant weapon
 v - 5 scrolls of remove curse
 P - a scroll of enchant armour
 V - a scroll of brand weapon
Potions
 b - 9 potions of curing
 d - 2 potions of brilliance
 e - 2 potions of invisibility {unknown}
 i - 3 potions of flight {unknown}
 k - 3 potions of agility
 n - a potion of magic {unknown}
 o - 3 potions of heal wounds
 p - 6 potions of might
 w - 2 potions of berserk rage {unknown}
 x - a potion of lignification
 A - a potion of beneficial mutation {unknown}
 C - 2 potions of poison {unknown}
 E - 2 potions of mutation {unknown}
 G - a potion of cancellation {unknown}
 O - a potion of haste
Books
 N - a book of Transfigurations

   Spells                             Type                      Level
   a - Stoneskin                      Transmutation/Earth          2
   b - Irradiate                      Conjuration/Transmutation    5
   c - Statue Form                    Transmutation/Earth          6
   d - Hydra Form                     Transmutation                6
   e - Dragon Form                    Transmutation                7
   Trog disapproves of the use of such an item.
 R - a Grand Grimoire

   Spells                             Type                      Level
   a - Monstrous Menagerie            Summoning                    6
   b - Summon Greater Demon           Summoning                    7
   c - Malign Gateway                 Summoning/Translocation      7
   d - Summon Horrible Things         Summoning                    8
   Trog disapproves of the use of such an item.
 U - a book of Envenomations

   Spells                             Type                      Level
   a - Spider Form                    Transmutation/Poison         3
   b - Alistair's Intoxication        Transmutation/Poison         4
   c - Olgreb's Toxic Radiance        Poison                       4
   d - Poisonous Cloud                Conjuration/Poison/Air       6
   Trog disapproves of the use of such an item.
Comestibles
 c - 4 bread rations
 g - 4 meat rations
 h - 5 fruits
 t - 3 beef jerkies
 M - 2 royal jellies


   Skills:
 + Level 12.4 Fighting
 * Level 16.4 Axes
 + Level 12.2 Armour
 - Level 2.1 Dodging


You had 11 spell levels left.
You didn't know any spells.

Dungeon Overview and Level Annotations

Branches:
Dungeon (10/15)            Temple (0/1) D:7            Lair (4/8) D:8
  Swamp: Lair:3-6    Shoals: Lair:3-6     Snake: Lair:3-6    Spider: Lair:3-6
    Orc: D:9-12

Altars:
Ashenzari
Dithmenos
Elyvilon
Fedhas
Gozag
Makhleb
Okawaru
Ru
Sif Muna
Trog
Vehumet
Xom
Yredelemnul
The Shining One


Innate Abilities, Weirdness & Mutations

You reflexively headbutt those who attack you in melee.
You have a pair of horns on your head.


Message History

a whip of venom; an arbalest of freezing; a minotaur corpse You feel a strong urge to attack something.
Things that are here:
a whip of venom; an arbalest of freezing; a minotaur corpse You feel your anger subside.
You are no longer berserk.
You are exhausted.
You feel yourself slow down.
You are feeling hungry.
R - a Grand Grimoire;
T - a long jewelled rod;
U - a book of Envenomations
V - a scroll of brand weapon
v - 5 scrolls of remove curse (gained 1)
W - a shiny ruby ring;
X - an ancient marble ring;
Y - a wand of fireball
There is an escape hatch in the ceiling here.
Things that are here:
a fan of gales; 9 poisoned bolts; a runed scimitar
Okay, then.
Welcome back to the Lair of Beasts! x2
There is an empty arch of ancient stone here.
Are you sure you want to abandon this character and quit the game? (Confirm with "yes".)

,,,,,<,,,,,,,,,,,,,,,,,,,,,*,****
*,,,,,*,,,,.#...,,,*,,,,********,
...#.P..P..*......,*,,,** *****,,
,....P....#*#....#*****,* *,,,*,,
,...<.....* #....# *** **,,,,,
,*#P.....## #...### **,,,,,
####.)[...###.....# ***,,,,,*
#P.#.#............# **,,,,,,,,
#.............[[@.# **,,,,,,,,*
#..............##.# *,,,,,,,,,*
.......#.....#....#*****,*,,,,,,*
..#.#..รท######...##*,,,,,,*,*,,,*
..........P#P....#**,,,,,,,,,****
###.#.............#,,,,,,,,,,* *
##.........#....(...,,,,,,,**
##.....#..........#,**,**,,**
#...............#.#*******,,**


There were no monsters in sight!

Vanquished Creatures
  Gastronok (Lair:2)
  A minotaur (Lab)
  Harold (Lair:1)
  A hydra (Lair:1)
  The ghost of 4thArraOfDagon the Cleaver, a novice MiAs of Cheibriados (D:9)
  A hill giant (D:7)
  An oklob plant (Lair:3)
  Joseph (D:8)
  4 gargoyles (Lab)
  3 spiny frogs
  A fire drake (Lair:3)
  Prince Ribbit (D:9)
  5 blink frogs (Lair:3)
  2 trapdoor spiders (Lab)
  A deep elf mage (D:9)
  8 yaks
  A wyvern (D:9)
  5 wolves (Lair:2)
  7 hippogriffs
  A basilisk (Lair:3)
  Edmund (D:5)
  2 ice beasts
  4 porcupines
  2 orc warriors
  2 black bears
  2 ogres (D:9)
  3 water moccasins
  2 phantoms
  4 sky beasts
  4 crocodiles
  4 centaurs
  A big kobold (D:8)
  9 giant frogs
  A gnoll sergeant (D:7)
  3 scorpions
  8 killer bees (D:8)
  7 wights
  4 lava snakes (Lab)
  2 centaur zombies (Ossuary)
  A giant frog zombie (D:7)
  An electric eel (Lair:2)
  2 crimson imps
  A quasit (D:9)
  A giant frog skeleton (D:5)
  A human zombie (Ossuary)
  An orc priest (D:6)
  3 centaur skeletons
  7 hounds
  A jelly (D:7)
  5 orc wizards
  6 worker ants
  Jessica (D:5)
  6 iguanas
  8 sheep (Lair:3)
  A big kobold zombie (Ossuary)
  2 hound zombies
  3 mummies
  2 worker ant zombies (D:8)
  19 river rats
  9 gnolls
  6 adders
  A shadow imp (D:5)
  2 oozes
  An adder zombie (Ossuary)
  6 worms
  2 adder skeletons
  3 giant geckos (D:1)
  31 orcs
  6 bats
  6 giant cockroaches
  6 hobgoblins
  4 jackals (D:7)
  3 ball pythons
  A ball python skeleton (D:4)
  6 giant newts
  4 goblins
  2 goblin zombies (Ossuary)
  15 hobgoblin zombies
  A jackal skeleton (D:8)
  A jackal zombie (Ossuary)
  9 kobolds
  8 kobold zombies (Ossuary)
  6 orc zombies
  4 quokkas
  A quokka skeleton (D:6)
  5 rats
  2 rat zombies (Ossuary)
  3 fungi
  5 plants (Lab)
343 creatures vanquished.

Vanquished Creatures (others)
  A fungus (Lair:2)
  3 plants
4 creatures vanquished.

Grand Total: 347 creatures vanquished

Notes
Turn   | Place    | Note
--------------------------------------------------------------
     0 | D:1      | youngkai the Minotaur Berserker began the quest for the Orb.
     0 | D:1      | Reached XP level 1. HP: 19/19 MP: 0/0
    76 | D:1      | Reached skill level 4 in Axes
   318 | D:1      | Reached XP level 2. HP: 25/27 MP: 1/1
   605 | D:2      | Found an opulent altar of Gozag.
   642 | D:2      | Reached ** piety under Trog
   642 | D:2      | Reached XP level 3. HP: 33/33 MP: 2/2
   726 | D:2      | Found a white marble altar of Elyvilon.
   736 | D:2      | Found a sacrificial altar of Ru.
   882 | D:2      | Found a shattered altar of Ashenzari.
   904 | D:2      | Reached skill level 5 in Axes
  1220 | D:3      | Reached XP level 4. HP: 26/40 MP: 3/3
  1248 | D:3      | Found a blossoming altar of Fedhas.
  1321 | D:3      | Found a radiant altar of Vehumet.
  1454 | D:3      | Reached *** piety under Trog
  1525 | D:3      | Reached XP level 5. HP: 42/47 MP: 4/4
  1663 | D:4      | Found a burning altar of Makhleb.
  1790 | D:4      | Reached skill level 6 in Axes
  1856 | D:4      | Found a glowing golden altar of the Shining One.
  1867 | D:4      | Found a basalt altar of Yredelemnul.
  1954 | D:4      | Reached skill level 5 in Fighting
  2045 | D:5      | Entered Level 5 of the Dungeon
  2088 | D:5      | Reached XP level 6. HP: 46/56 MP: 5/5
  2220 | D:5      | Noticed an ice beast
  2235 | D:5      | Killed an ice beast
  2235 | D:5      | Reached skill level 7 in Axes
  2245 | D:5      | Reached XP level 7. HP: 48/62 MP: 6/6
  2274 | D:5      | Noticed Edmund
  2296 | D:5      | Killed Edmund
  2296 | D:5      | Reached skill level 5 in Armour
  2440 | D:5      | Noticed Jessica
  2601 | D:5      | Found a deep blue altar of Sif Muna.
  2614 | D:5      | Killed Jessica
  2734 | D:6      | Reached skill level 8 in Axes
  2966 | D:6      | Reached XP level 8. HP: 28/71 MP: 7/7
  3030 | D:6      | Found a shadowy altar of Dithmenos.
  3117 | D:6      | Reached **** piety under Trog
  3117 | D:6      | Reached skill level 9 in Axes
  3977 | D:7      | Reached skill level 10 in Axes
  4026 | D:7      | Found a staircase to the Ecumenical Temple.
  4184 | D:7      | Noticed a hill giant
  4196 | D:7      | Killed a hill giant
  4196 | D:7      | Reached skill level 11 in Axes
  4196 | D:7      | Reached XP level 9. HP: 39/81 MP: 8/8
  4536 | D:8      | Found a staircase to the Lair.
  4536 | D:8      | Noticed Joseph
  4551 | D:8      | Killed Joseph
  4615 | D:8      | Reached skill level 12 in Axes
  4678 | D:8      | Reached ***** piety under Trog
  4829 | D:8      | Found a bloodstained altar of Trog.
  4888 | D:8      | Found a sand-covered staircase.
  4893 | D:8      | Reached XP level 10. HP: 60/91 MP: 9/9
  4896 | Ossuary  | Entered an ossuary
  5639 | D:9      | Found a shimmering altar of Xom.
  5778 | D:9      | Reached skill level 13 in Axes
  5812 | D:9      | Noticed 4thArraOfDagon's ghost (novice MiAs)
  5815 | D:9      | Noticed Prince Ribbit
  5824 | D:9      | Killed 4thArraOfDagon's ghost
  5824 | D:9      | Reached skill level 10 in Fighting
  5829 | D:9      | Killed Prince Ribbit
  6158 | D:9      | Reached skill level 10 in Armour
  6200 | D:9      | Found an iron altar of Okawaru.
  6222 | D:10     | Entered Level 10 of the Dungeon
  6280 | Lair:1   | Entered Level 1 of the Lair of Beasts
  6335 | Lair:1   | Reached skill level 14 in Axes
  6470 | Lair:1   | Noticed Harold
  6484 | Lair:1   | Killed Harold
  6484 | Lair:1   | Reached XP level 11. HP: 44/101 MP: 10/10
  6825 | Lair:1   | Noticed an eight-headed hydra
  6835 | Lair:1   | Killed an 11-headed hydra
  7607 | Lair:2   | Reached skill level 15 in Axes
  7853 | Lair:2   | Noticed Gastronok
  7868 | Lair:2   | Killed Gastronok
  9141 | Lair:3   | Reached XP level 12. HP: 112/112 MP: 11/11
  9154 | Lair:3   | Reached skill level 16 in Axes
  9443 | Lair:4   | Found a labyrinth entrance.
  9465 | Lab      | Entered a labyrinth
 10781 | Lab      | Noticed a minotaur
 10791 | Lab      | Killed a minotaur
 10800 | Lab      | Got an ancient marble ring
 10803 | Lair:4   | Quit the game

Action                   |  1- 3 |  4- 6 |  7- 9 | 10-12 || total
-------------------------+-------+-------+-------+-------++-------
Melee: Hand axe          |    84 |   146 |   164 |       ||   394
       War axe           |       |       |   164 |   496 ||   660
Invok: Trog's Hand       |       |     1 |     2 |     2 ||     5
       Berserk           |       |       |     3 |     6 ||     9
       Burn Spellbooks   |       |       |     1 |     2 ||     3
       Brothers in Arms  |       |       |       |     2 ||     2
  Use: Scroll            |       |       |     9 |    16 ||    25
       Potion            |       |       |       |     2 ||     2
  Eat: Chunk             |       |     3 |    11 |    18 ||    32
       Pizza             |       |       |     2 |       ||     2
       Royal jelly       |       |       |       |     1 ||     1
       Meat ration       |       |       |       |     1 ||     1
